Map: Оксид РВ

Players

ShiniGurui

  • Race: Zerg Zerg
  • League: Diamond

Kantara - Winner!

  • Race: Protoss Protoss
  • League: Diamond

VOD

Have the link to the VOD?

Description

Time

  • Played on: July 6, 2021, 4:35 p.m.
  • Length: 22:25
Show
View Real Time Build Order
Export as new Build Order

ShiniGurui Zerg 

Build Orders: Hatch First 

Get SALT Encoding   

  12  0:05  Drone  
  13  0:14  Overlord  
  13  0:18  Drone  
  14  0:33  Drone x2  
  16  0:38  Drone  
  17  0:53  Hatchery  
  16  1:06  Spawning Pool  
  16  1:10  Drone  
  16  1:11  Drone  
  16  1:14  Extractor  
  16  1:20  Drone  
  16  1:22  Drone  
  18  1:33  Drone  
  19  1:46  Overlord  
  19  1:56  Queen  
  21  2:04  Queen  
  21  2:06  Drone  
  21  2:07  Drone x2  
  26  2:17  Drone x2  
  26  2:22  Extractor  
  27  2:27  Spore Crawler  
  26  2:31  Drone x2  
  28  2:44  Drone x2  
  28  2:50  Drone  
  28  2:51  Drone  
  32  3:02  Drone  
  32  3:03  Drone  
  34  3:06  Hatchery, Drone x2  
  34  3:07  Drone  
  34  3:12  Spore Crawler  
  35  3:14  Evolution Chamber  
  35  3:17  Overlord  
  34  3:25  Overlord  
  34  3:32  Lair  
  34  3:37  Drone x4  
  38  3:45  Zerg Missile Weapons Level 1  
  38  3:53  Drone x3  
  41  3:57  Overlord x2  
  41  4:03  Roach Warren  
  41  4:05  Drone  
  41  4:09  Drone  
  42  4:28  Drone x2  
  42  4:29  Extractor  
  42  4:30  Extractor  
  44  4:31  Drone x3  
  44  4:32  Drone  
  44  4:33  Drone x2  
  44  4:38  Queen  
  48  4:43  Roach x4  
  58  5:04  Hydralisk Den  
  57  5:11  Overlord x2  
  57  5:12  Overlord x2  
  57  5:13  Drone  
  58  5:33  Drone x7  
  58  5:34  Drone x5  
  70  5:39  Grooved Spines  
  70  5:41  Zerg Missile Weapons Level 2  
  70  5:55  Overlord x5  
  70  5:56  Hydralisk  
  70  5:57  Hydralisk x2  
  76  6:09  Hydralisk x3  
  82  6:21  Spore Crawler, Hydralisk  
  82  6:22  Hydralisk x6  
  95  6:39  Hydralisk x6  
  97  6:40  Hydralisk  
  109  6:51  Muscular Augments  
  109  6:52  Hydralisk  
  109  6:53  Hydralisk x5  
  121  7:02  Hydralisk  
  122  7:18  Extractor x2  
  122  7:22  Overseer  
  111  7:40  Roach x3  
  111  7:41  Roach x2  
  111  7:42  Overlord  
  111  7:43  Overlord x3  
  121  7:47  Extractor  
  120  8:01  Roach x5  
  130  8:14  Roach  
  130  8:15  Roach x6  
  142  8:38  Hydralisk x8  
  146  8:52  Drone  
  146  8:53  Drone x3  
  146  8:54  Drone x2  
  146  8:55  Drone  
  153  8:56  Drone  
  153  8:59  Spire  
  153  9:20  Hatchery  
  92  10:04  Drone  
  92  10:05  Drone x17  
  110  10:19  Zerg Flyer Weapons Level 1  
  110  10:27  Extractor  
  109  10:31  Extractor  
  108  10:41  Drone x2  
  108  10:42  Drone x2  
  112  10:43  Drone x2  
  112  10:45  Hatchery  
  112  10:48  Extractor  
  112  10:49  Extractor  
  111  10:56  Corruptor x6, Spire  
  111  10:57  Corruptor x9  
  112  11:01  Overlord x4  
  112  11:02  Overseer x2  
  140  11:05  Overseer  
  140  11:07  Overseer  
  140  11:12  Drone x3  
  143  11:22  Drone  
  143  11:23  Drone x3  
  143  11:24  Drone x2  
  149  11:37  Hatchery  
  149  11:38  Zerg Ground Armor Level 1  
  148  11:44  Infestation Pit  
  147  11:50  Extractor  
  147  11:52  Extractor  
  145  11:55  Drone x3  
  145  11:56  Drone x3  
  151  12:08  Corruptor x10  
  153  12:09  Corruptor  
  173  12:22  Zerg Flyer Armor Level 1  
  173  12:25  Zerg Flyer Weapons Level 2  
  173  12:28  Hive  
  173  12:57  Pneumatized Carapace  
  173  13:09  Pathogen Glands  
  173  13:37  Spore Crawler, Drone x6  
  173  13:38  Drone x10  
  188  13:47  Zerg Missile Weapons Level 3  
  188  14:05  Neural Parasite  
  188  14:07  Spore Crawler x5  
  188  14:08  Spore Crawler x3  
  180  14:10  Spore Crawler  
  180  14:11  Spore Crawler  
  180  14:12  Spore Crawler  
  180  14:13  Spore Crawler x2  
  180  14:14  Spore Crawler x2  
  173  14:17  Infestor  
  173  14:18  Infestor x7  
  173  14:20  Viper x2  
  173  14:23  Overlord x3  
  195  14:33  Spore Crawler  
  192  15:15  Hatchery  
  192  15:18  Drone x5  
  192  15:19  Drone x4  
  200  15:24  Overseer x8  
  200  15:25  Overseer x2  
  198  16:06  Spine Crawler x2  
  198  16:08  Spine Crawler x2  
  198  16:09  Spore Crawler x2, Spine Crawler  
  191  16:11  Spore Crawler  
  191  16:12  Spine Crawler x2  
  191  16:13  Spine Crawler  
  183  16:24  Hatchery  
  175  16:32  Hatchery  
  174  16:36  Drone  
  174  16:37  Corruptor, Drone x6  
  174  16:38  Corruptor x4  
  152  17:04  Corruptor  
  152  17:05  Corruptor x5  
  119  17:13  Corruptor  
  119  17:14  Corruptor  
Show
View Real Time Build Order
Export as new Build Order

Kantara Protoss - Winner!

Build Orders: 1 Gate Expand, Carriers 

Get SALT Encoding   

  12  0:00  Probe  
  13  0:15  Probe  
  13  0:20  Pylon  
  14  0:27  Probe (Chrono Boost)  
  15  0:39  Gateway, Probe (Chrono Boost)  
  16  0:46  Probe (Chrono Boost)  
  16  0:49  Assimilator  
  17  0:56  Probe  
  18  1:08  Probe  
  19  1:20  Probe  
  20  1:26  Nexus  
  20  1:33  Cybernetics Core  
  20  1:36  Probe  
  21  1:41  Assimilator  
  21  1:48  Probe (Chrono Boost)  
  22  1:54  Pylon  
  22  2:01  Probe (Chrono Boost)  
  23  2:10  Probe (Chrono Boost)  
  23  2:12  Stalker  
  26  2:22  Probe (Chrono Boost)  
  27  2:26  Stargate  
  27  2:30  Probe (Chrono Boost)  
  27  2:34  Shield Battery  
  28  2:37  Probe  
  28  2:38  Probe  
  29  2:50  Forge  
  29  2:53  Assimilator  
  29  2:55  Assimilator  
  29  2:57  Sentry  
  32  3:00  Probe (Chrono Boost)  
  32  3:03  Probe (Chrono Boost)  
  33  3:08  Probe (Chrono Boost)  
  33  3:11  Probe (Chrono Boost)  
  35  3:13  Void Ray  
  39  3:20  Probe (Chrono Boost)  
  39  3:23  Probe (Chrono Boost)  
  41  3:32  Probe (Chrono Boost)  
  43  3:39  Probe (Chrono Boost)  
  43  3:40  Photon Cannon  
  43  3:44  Photon Cannon  
  43  3:46  Probe (Chrono Boost)  
  43  3:48  Probe (Chrono Boost)  
  46  3:55  Probe (Chrono Boost)  
  46  4:04  Stargate  
  46  4:10  Pylon  
  46  4:22  Fleet Beacon  
  46  4:26  Pylon  
  46  4:28  Probe x2  
  48  4:40  Probe x2  
  48  4:41  Pylon  
  50  4:45  Pylon  
  50  4:49  Protoss Air Weapons Level 1 (Chrono Boost), Pylon  
  50  4:52  Probe x2  
  52  5:04  Probe x2  
  54  5:10  Tempest x2  
  64  5:36  Nexus  
  64  5:40  Pylon  
  64  5:42  Probe (Chrono Boost)  
  66  5:44  Probe (Chrono Boost)  
  66  5:53  Tempest x2  
  66  5:54  Probe (Chrono Boost)  
  78  5:59  Probe (Chrono Boost)  
  78  6:04  Cybernetics Core  
  78  6:05  Mothership (Chrono Boost), Pylon  
  87  6:15  Shield Battery  
  87  6:16  Probe (Chrono Boost)  
  87  6:23  Probe (Chrono Boost)  
  88  6:34  Probe  
  89  6:43  Unknown  
  89  6:47  Probe  
  90  6:50  Probe  
  90  6:54  Tempest  
  91  6:59  Probe  
  97  7:02  Protoss Air Weapons Level 2 (Chrono Boost)  
  97  7:03  Warp Gate (Chrono Boost)  
  97  7:30  Probe x2  
  97  7:31  Tempest  
  97  7:37  Tempest  
  99  7:42  Probe, Twilight Council  
  105  7:49  Probe  
  105  7:50  Photon Cannon  
  105  7:51  Probe, Photon Cannon  
  106  7:52  Photon Cannon  
  106  7:54  Pylon  
  106  7:56  Assimilator, Pylon  
  106  7:57  Assimilator  
  107  8:06  Shield Battery  
  107  8:08  Pylon, Photon Cannon  
  107  8:09  Protoss Ground Weapons Level 1 (Chrono Boost), Photon Cannon  
  107  8:11  Pylon  
  107  8:12  Photon Cannon  
  107  8:14  Pylon, Carrier (Chrono Boost)  
  113  8:23  Photon Cannon  
  113  8:25  Photon Cannon  
  113  8:27  Photon Cannon  
  113  8:30  Photon Cannon  
  113  8:31  Photon Cannon  
  113  8:34  Shield Battery  
  108  8:35  Shield Battery  
  106  8:42  Stalker  
  108  8:48  Gateway  
  108  8:50  Templar Archives  
  108  8:51  Gateway  
  108  8:53  Gateway  
  108  8:58  Carrier (Chrono Boost)  
  114  9:02  Charge  
  114  9:03  Protoss Air Armor Level 1 (Chrono Boost)  
  114  9:07  Pylon  
  114  9:08  Pylon  
  114  9:20  Pylon, Nexus  
  120  9:27  Carrier (Chrono Boost)  
  120  9:46  Photon Cannon  
  120  9:47  Photon Cannon  
  120  9:50  Psionic Storm, Photon Cannon  
  120  9:52  Photon Cannon  
  120  9:54  Probe x2, Photon Cannon  
  120  9:59  Probe  
  123  10:04  Protoss Air Weapons Level 3 (Chrono Boost), High Templar x2  
  123  10:06  Probe  
  128  10:10  Pylon  
  128  10:14  High Templar  
  130  10:30  Photon Cannon  
  130  10:32  Photon Cannon  
  130  10:33  Probe x2, Shield Battery  
  130  10:34  Probe x2  
  134  10:37  Carrier  
  140  10:46  High Templar  
  140  10:48  High Templar  
  144  10:52  Probe x2  
  144  10:54  Assimilator  
  146  10:59  Assimilator  
  146  11:03  Shield Battery  
  146  11:05  Photon Cannon  
  146  11:06  Void Ray  
  146  11:07  Photon Cannon  
  150  11:24  Photon Cannon x2  
  150  11:27  Protoss Air Armor Level 2 (Chrono Boost)  
  150  11:28  Pylon  
  150  11:29  Robotics Facility  
  150  11:31  Protoss Ground Weapons Level 2 (Chrono Boost), Pylon  
  150  11:38  High Templar  
  152  11:52  High Templar  
  152  11:53  High Templar  
  156  11:57  Archon  
  156  12:03  Nexus  
  156  12:04  Pylon, Carrier (Chrono Boost)  
  156  12:07  Dark Shrine  
  162  12:08  Pylon  
  162  12:09  Pylon  
  162  12:23  Photon Cannon  
  162  12:24  Photon Cannon  
  162  12:26  Photon Cannon  
  162  12:27  Photon Cannon  
  162  12:29  Photon Cannon  
  162  12:30  Photon Cannon  
  162  12:32  Carrier (Chrono Boost)  
  162  12:33  Shield Battery  
  162  12:34  Pylon, Shield Battery  
  162  12:36  Shield Battery  
  168  12:41  Observer (Chrono Boost)  
  169  12:50  Photon Cannon  
  169  12:52  Shield Battery  
  169  12:54  Observer (Chrono Boost)  
  169  12:56  Carrier (Chrono Boost)  
  176  13:06  Gateway  
  176  13:08  Gateway  
  176  13:16  Shadow Stride (Chrono Boost)  
  176  13:18  Photon Cannon  
  176  13:19  Photon Cannon  
  176  13:21  Photon Cannon  
  176  13:24  Shield Battery  
  176  13:26  Stargate, Shield Battery  
  176  13:28  Stargate  
  176  13:29  Pylon  
  176  13:47  Assimilator  
  176  13:53  Assimilator, Carrier (Chrono Boost)  
  176  13:54  Void Ray (Chrono Boost)  
  176  13:55  Pylon  
  176  13:59  Pylon  
  186  14:25  Dark Templar x6  
  198  15:06  Dark Templar x3  
  198  15:07  Dark Templar  
  194  15:42  Assimilator  
  186  15:44  Assimilator  
  186  15:51  Dark Templar x4  
  186  15:52  Dark Templar x2  
  186  16:29  Dark Templar x6  
  198  16:37  Nexus  
  198  16:40  Pylon  
  198  16:42  Pylon  
  180  17:16  High Templar x3  
  180  17:17  High Templar x3  
  192  17:28  Photon Cannon  
  192  17:29  Photon Cannon  
  192  17:30  Pylon, Photon Cannon  
  192  17:32  Photon Cannon x2  
  192  17:33  Photon Cannon  
  192  17:34  Photon Cannon  
  192  17:35  Pylon x2  
  192  17:44  Protoss Air Armor Level 3 (Chrono Boost)  
  192  17:55  Dark Templar x5  
  194  19:24  Dark Templar x3  
  200  20:08  Nexus  
  200  20:12  Assimilator  
  200  20:15  Assimilator  
  200  20:19  Pylon  
  200  20:42  Photon Cannon  
  200  20:43  Photon Cannon  
  200  20:45  Photon Cannon  
  200  20:47  Pylon  
  200  20:49  Shield Battery  
  200  20:51  Shield Battery  
  200  21:24  Dark Templar x4  
  198  21:36  Dark Templar x2  
Tags
 
Add a new tag
Caveats
  • Supply blocks, unpowered buildings, or Contaminate may cause inaccurate times.
  • Supply counts are checked every 10 seconds.